 Dungeon Sprint DCSS version 0.14-a0-3367-g7c2a7eb (webtiles) character file.

10243 Froboctopus the Blocker (level 11, -1/96 HPs)
             Began as a Formicid Fighter on Mar 19, 2014.
             Was the Champion of Okawaru.
             Slain by Norris
             ... wielding a cursed +2,+3 short sword of freezing
              (4 damage)
             ... in the Dungeon (Sprint I: "Red Sonja").
             The game lasted 00:12:46 (2783 turns).

Froboctopus the Blocker (Formicid Fighter)          Turns: 2783, Time: 00:12:46

HP  -1/96        AC 20     Str 29      XL: 11   Next: 84%
MP  15/15        EV  8     Int  8      God: Okawaru [******]
Gold 273         SH  0     Dex 15      Spells:  0 memorised, 10 levels left

rFire  . . .     SeeInvis +     b - +0 scythe
rCold  . . .     Clarity  .     q - +1 plate armour {rPois}
rNeg   . . .     Conserve .     a - +2 large shield {reflect}
rPois  +         rCorr    .     (helmet unavailable)
rElec  .         rRot     .     (no cloak)
SustAb . .       Spirit   .     p - +0 pair of gloves
rMut   .         Warding  .     (no boots)
Saprov . . .     Stasis   +     (no amulet)
MR     +....                    (no ring)
                                k - ring of Yendor {Wiz Str+5 Dex+5}

@: confused, heroism, somewhat resistant to hostile enchantments, extremely
unstealthy
A: permanent stasis, dig shafts and tunnels, four strong arms, antennae 3
a: Dig, Heroism, Renounce Religion


You were in the Dungeon.
You worshipped Okawaru.
Okawaru was exalted by your worship.
You were not hungry.

You visited 1 branch You collected 1973 gold pieces.
You spent 1700 gold pieces at shops.

Inventory:

Hand weapons
 b - a +0,+0 scythe (weapon)
Armour
 a - a +2 large shield of reflection (worn)
 p - a +0 pair of gloves (worn)
 q - a +1 plate armour of poison resistance (worn)
Magical devices
 e - a wand of slowing (16)
Comestibles
 c - 3 meat rations
 g - a choko
 r - a chunk of hog flesh
Scrolls
 d - a scroll of identify
 j - a scroll of enchant armour
Jewellery
 k - the ring of Yendor (left hand) {Wiz Str+5 Dex+5}
   (You found it in the Dungeon)

   [ring of wizardry]

   It affects your strength (+5).
   It affects your dexterity (+5).
Potions
 f - 3 potions of curing
 i - 2 potions of magic
 l - a potion of brilliance {unknown}
 n - a potion of paralysis {unknown}
Books
 h - a book of Alchemy

   Spells                             Type                      Level
   Lethal Infusion                    Charms/Necromancy            2
   Sublimation of Blood               Necromancy                   2
   Condensation Shield                Ice                          4
   Petrify                            Transmutation/Earth          4
   Ignite Poison                      Fire/Transmutation           5
 m - a book of Spatial Translocations

   Spells                             Type                      Level
   Apportation                        Translocation                1
   Blink                              Translocation                2
   Shroud of Golubria                 Charms/Translocation         2
   Portal Projectile                  Translocation                3
   Teleport Other                     Translocation                3
   Passage of Golubria                Translocation                4
 o - a book of Cantrips

   Spells                             Type                      Level
   Confusing Touch                    Hexes                        1
   Animate Skeleton                   Necromancy                   1
   Summon Small Mammal                Summoning                    1
   Apportation                        Translocation                1


   Skills:
 + Level 12.5(17.5) Fighting
 * Level 15.9(20.9) Polearms
 + Level 12.4(17.4) Armour
 * Level 18.6(23.6) Shields


You had 10 spell levels left.
You didn't know any spells.

Dungeon Overview and Level Annotations

Branches:
Dungeon (1/1)

Altars:
Ashenzari
Dithmenos
Elyvilon
Fedhas
Kikubaaqudgha
Okawaru
Vehumet
Xom

Shops:
D }[!?*%!}?[(???:[!

Annotations:
D Norris


Innate Abilities, Weirdness & Mutations

Your are under a permanent stasis effect.
You can dig through walls and to a lower floor.
Your four strong arms can wield two-handed weapons with a shield.
You have a pair of large antennae on your head (SInv).


Message History

Norris freezes you! Norris blocks your attack.
Norris is lightly wounded.
Norris hits you with a short sword of freezing!
* * * LOW HITPOINT WARNING * * *
Norris freezes you.
* * * LOW HITPOINT WARNING * * *
You swing at nothing.
Norris points at you and mumbles some strange words.
You barely resist.
You swing at nothing.
Norris hits you but does no damage.
You swing at nothing.
Norris casts a spell at you.
Your stasis keeps you stable.
Norris blocks your attack.
Norris is lightly wounded.
Norris hits you with a short sword of freezing!
* * * LOW HITPOINT WARNING * * *
Norris freezes you.
You die...

######################
.))...#[.#§§§.'.§§..§+{
..#...##'#§####§§§§.##
{ ###...'.§#§# ##§§§##
§§#####..§§# #@#+#
..#..##+####(..#@#.#
§§§§.#§§...#...###..
..#..#§§..§+..$..##. {
####'###(.(#(....# .#
.###.'.#.(.###''## ##
##.###[#..## ..##
.'.∩##.#.(# ##.
######§##'#


You could see Norris (invisible).

Vanquished Creatures
  A lorocyproca (D)
  2 centaur warriors (D)
  A deep troll (D)
  2 unseen horrors (D)
  An oklob plant (D)
  A lindwurm (D)
  A hellwing (D)
  2 kobold demonologists (D)
  4 demonic crawlers (D)
  Sonja (D)
  A slime creature (D)
  4 trapdoor spiders (D)
  An elephant slug (D)
  13 hogs (D)
  7 necrophages (D)
  A yellow wasp (D)
  An ogre (D)
  Sigmund (D)
  7 pulsating lumps (D)
  A jelly (D)
  A quasit (D)
  2 ufetubi (D)
  2 giant eyeballs (D)
  A ballistomycete (D)
59 creatures vanquished.

Vanquished Creatures (others)
  2 gargoyles (D)
  Ijyb (D)
  2 giant spores (D)
5 creatures vanquished.

Grand Total: 64 creatures vanquished

Notes
Turn   | Place    | Note
--------------------------------------------------------------
     0 | D        | Froboctopus, the Formicid Fighter, began the quest for the Orb.
     0 | D        | Reached XP level 1. HP: 18/18 MP: 1/1
     1 | D        | Noticed Ijyb
   108 | D        | Killed Ijyb
   108 | D        | Reached skill level 5 in Shields
   108 | D        | Reached XP level 2. HP: 24/24 MP: 3/3
   110 | D        | Found an ancient bone altar of Kikubaaqudgha.
   110 | D        | Found a shimmering altar of Xom.
   110 | D        | Found a shimmering altar of Xom.
   110 | D        | Found Tocraniv's Armour Emporium.
   110 | D        | Found a blossoming altar of Fedhas.
   110 | D        | Found a shadowy altar of Dithmenos.
   110 | D        | Noticed an elephant slug
   157 | D        | Found a blossoming altar of Fedhas.
   157 | D        | Found an iron altar of Okawaru.
   157 | D        | Noticed a jelly
   166 | D        | Killed a jelly
   166 | D        | Reached skill level 5 in Polearms
   166 | D        | Reached skill level 6 in Shields
   166 | D        | Reached XP level 3. HP: 9/29 MP: 4/4
   283 | D        | Became a worshipper of Warmaster Okawaru
   407 | D        | Got a transparent granite ring
   459 | D        | Bought the +3 chain mail of Qidash Jeurph {Dex+3} for 328 gold pieces
   487 | D        | Noticed Sigmund
   499 | D        | Killed Sigmund
   499 | D        | Reached skill level 8 in Shields
   499 | D        | Reached XP level 4. HP: 33/38 MP: 5/5
   499 | D        | Reached XP level 5. HP: 37/43 MP: 7/7
   540 | D        | Noticed an ogre
   545 | D        | Killed an ogre
   545 | D        | Reached skill level 5 in Fighting
   545 | D        | Reached skill level 5 in Armour
   545 | D        | Reached skill level 9 in Shields
   545 | D        | Reached XP level 6. HP: 34/51 MP: 8/8
   686 | D        | Killed an elephant slug
   686 | D        | Acquired Okawaru's first power
   686 | D        | Reached skill level 10 in Shields
   693 | D        | Noticed Sonja
   708 | D        | Killed Sonja
   708 | D        | Reached skill level 11 in Shields
   708 | D        | Reached XP level 7. HP: 14/59 MP: 6/9
   721 | D        | Killed a gargoyle
   942 | D        | Killed a gargoyle
   968 | D        | Found a shattered altar of Ashenzari.
   968 | D        | Found an ancient bone altar of Kikubaaqudgha.
   968 | D        | Found a white marble altar of Elyvilon.
   968 | D        | Found a radiant altar of Vehumet.
   968 | D        | Noticed a slime creature
   975 | D        | Killed a slime creature
   975 | D        | Reached skill level 10 in Polearms
   975 | D        | Reached skill level 12 in Shields
   975 | D        | Reached XP level 8. HP: 65/67 MP: 9/11
  1024 | D        | Found Rajop's Gadget Boutique.
  1033 | D        | Bought a wand of slowing (16) for 162 gold pieces
  1198 | D        | Noticed a deep troll
  1209 | D        | Killed a deep troll
  1209 | D        | Reached skill level 13 in Shields
  1228 | D        | Found Psogayba's Armour Emporium.
  1235 | D        | Bought a +1 large shield of reflection for 175 gold pieces
  1457 | D        | Noticed a centaur warrior
  1458 | D        | Noticed a centaur warrior
  1473 | D        | Killed a centaur warrior
  1473 | D        | Reached skill level 14 in Shields
  1473 | D        | Reached XP level 9. HP: 53/76 MP: 12/12
  1487 | D        | Killed a centaur warrior
  1596 | D        | Noticed a yellow wasp
  1617 | D        | Killed a yellow wasp
  1686 | D        | Noticed an oklob plant
  1691 | D        | Killed an oklob plant
  1691 | D        | Reached skill level 10 in Fighting
  1691 | D        | Reached skill level 10 in Armour
  1691 | D        | Reached skill level 15 in Shields
  1691 | D        | Reached XP level 10. HP: 59/85 MP: 13/13
  1800 | D        | Noticed a trapdoor spider
  1801 | D        | Noticed a trapdoor spider
  1807 | D        | Killed a trapdoor spider
  1812 | D        | Killed a trapdoor spider
  1823 | D        | Noticed a trapdoor spider
  1825 | D        | Killed a trapdoor spider
  1825 | D        | Noticed a trapdoor spider
  1829 | D        | Killed a trapdoor spider
  1943 | D        | Noticed an unseen horror
  1944 | D        | Noticed an unseen horror
  1949 | D        | Killed an unseen horror
  1949 | D        | Reached skill level 16 in Shields
  1953 | D        | Killed an unseen horror
  1953 | D        | Acquired Okawaru's second power
  2002 | D        | Noticed a pulsating lump
  2002 | D        | Noticed a pulsating lump
  2002 | D        | Noticed a pulsating lump
  2002 | D        | Noticed a pulsating lump
  2002 | D        | Noticed a pulsating lump
  2002 | D        | Noticed a pulsating lump
  2002 | D        | Noticed a necrophage
  2002 | D        | Noticed a necrophage
  2027 | D        | Killed a pulsating lump
  2037 | D        | Killed a pulsating lump
  2043 | D        | Killed a pulsating lump
  2052 | D        | Killed a pulsating lump
  2056 | D        | Killed a necrophage
  2068 | D        | Killed a pulsating lump
  2071 | D        | Noticed a pulsating lump
  2083 | D        | Killed a necrophage
  2087 | D        | Killed a pulsating lump
  2097 | D        | Killed a pulsating lump
  2099 | D        | Noticed a necrophage
  2099 | D        | Noticed a necrophage
  2099 | D        | Noticed a necrophage
  2100 | D        | Noticed a necrophage
  2101 | D        | Found Criguiz's Magic Scroll Boutique.
  2101 | D        | Found Steb's Book Emporium.
  2101 | D        | Noticed a necrophage
  2119 | D        | Killed a necrophage
  2125 | D        | Killed a necrophage
  2130 | D        | Killed a necrophage
  2132 | D        | Killed a necrophage
  2168 | D        | Killed a necrophage
  2168 | D        | Reached XP level 11. HP: 93/93 MP: 15/15
  2180 | D        | Found Toffabb's Distillery.
  2186 | D        | Found Kapaream's Magic Scroll Boutique.
  2186 | D        | Found Strin's Magic Scroll Shoppe.
  2186 | D        | Found Garph's Weapon Shop.
  2186 | D        | Found Doka's Antique Armour Emporium.
  2186 | D        | Found Alot Tac's Magic Scroll Boutique.
  2186 | D        | Found Mnaico Nevva's Gadget Shoppe.
  2186 | D        | Found Okhliowio's Distillery.
  2186 | D        | Found Shreiheul's Food Emporium.
  2187 | D        | Found Thrika's Assorted Antiques.
  2187 | D        | Found Road's Magic Scroll Shoppe.
  2188 | D        | Found Eraesehi's Distillery.
  2209 | D        | Bought a meat ration for 70 gold pieces
  2209 | D        | Bought a meat ration for 70 gold pieces
  2209 | D        | Bought a meat ration for 70 gold pieces
  2214 | D        | Bought a pair of gloves for 135 gold pieces
  2214 | D        | Bought a shiny plate armour for 690 gold pieces
  2329 | D        | Noticed a kobold demonologist
  2330 | D        | Noticed a kobold demonologist
  2348 | D        | Killed a kobold demonologist
  2348 | D        | Reached skill level 17 in Shields
  2364 | D        | Noticed a sun demon
  2364 | D        | Killed a kobold demonologist
  2365 | D        | Noticed a demonic crawler
  2365 | D        | Noticed a demonic crawler
  2365 | D        | Noticed a demonic crawler
  2365 | D        | Noticed a demonic crawler
  2368 | D        | Noticed a lorocyproca
  2368 | D        | Received a gift from Okawaru
  2381 | D        | Killed a demonic crawler
  2387 | D        | Killed a demonic crawler
  2393 | D        | Killed a demonic crawler
  2402 | D        | Killed a lorocyproca
  2402 | D        | Reached skill level 15 in Polearms
  2410 | D        | Killed a demonic crawler
  2543 | D        | Noticed Norris
  2603 | D        | Noticed a lindwurm
  2612 | D        | Killed a lindwurm
  2612 | D        | Reached skill level 18 in Shields
  2682 | D        | Noticed a hog
  2682 | D        | Noticed a hog
  2682 | D        | Noticed a hog
  2682 | D        | Noticed a hog
  2682 | D        | Noticed a hog
  2682 | D        | Noticed a hog
  2682 | D        | Noticed a hog
  2682 | D        | Noticed a hog
  2684 | D        | Noticed a hog
  2684 | D        | Noticed a hog
  2684 | D        | Noticed a hog
  2684 | D        | Noticed a hog
  2689 | D        | Killed a hog
  2693 | D        | Killed a hog
  2702 | D        | Killed a hog
  2707 | D        | Killed a hog
  2710 | D        | Killed a hog
  2712 | D        | Killed a hog
  2719 | D        | Killed a hog
  2722 | D        | Killed a hog
  2729 | D        | Killed a hog
  2731 | D        | Noticed a hog
  2732 | D        | Killed a hog
  2734 | D        | Killed a hog
  2741 | D        | Killed a hog
  2761 | D        | Killed a hog
  2783 | D        | HP: 3/96 [Norris/short sword of freezing (20)]
  2783 | D        | Slain by Norris

Action                   |  1- 3 |  4- 6 |  7- 9 | 10-12 || total
-------------------------+-------+-------+-------+-------++-------
Melee: Trident           |    41 |       |       |       ||    41
       Scythe            |       |    23 |    66 |   247 ||   336
Invok: Heroism           |       |     1 |     2 |     2 ||     5
 Abil: Dig               |     2 |       |       |     1 ||     3
  Use: Scroll            |     2 |       |       |     1 ||     3
       Potion            |       |     1 |     1 |       ||     2
